T'shak, chaotic male orcish Rogue --------- ---.------- |.......| |.......... ........? |.........| |...ddb.| .......<...#####..._.@... ----------- --------- T'shak the Cutpurse Experience level: 5 Strength: 14 Dexterity: 18 Constitution: 13 Intelligence: 11 Wisdom: 10 Charisma: 9 Health: 0(29) Energy: 21(21) Def: 3 Gold: 570 Moves: 2320 Dungeon seed: SVZiJMJ_1nJql_OQ Game ID: T'shak_1547045068 Your Inventory: Coins $ - 570 gold pieces Weapons a - a +0 orcish short sword (weapon in hand) b - 10 +0 orcish daggers (in quiver) Armor e - an uncursed +1 leather armor (being worn) y - an uncursed +0 dwarvish cloak (being worn) Comestibles g - 2 uncursed food rations p - an uncursed partly eaten tripe ration Scrolls h - 2 uncursed scrolls of identify s - an uncursed scroll of teleportation Potions c - an uncursed potion of sickness l - a cursed potion of extra healing u - a blessed potion of booze v - an uncursed potion of water Rings x - an uncursed ring of fire resistance (on left hand) Wands i - a wand of cancellation (0:4) j - a wand of light (0:14) A - a wand of undead turning (0:6) B - a wand of digging (0:6) Tools d - an uncursed lock pick f - an uncursed sack t - an uncursed wooden flute Spells and supernatural/magical abilities: Name Level Category Fail Memory W - pray for help -- divine ? -- Your skills at the end: Fighting Skills Weapon Skills dagger [Basic] short sword [Basic] Spellcasting Skills Final Attributes: You were piously aligned. You were fire resistant. You were poison resistant. You had infravision. You were stealthy. You are dead. Vanquished creatures: a large mimic a mountain nymph a rock mole a kitten 2 giant bats a gas spore 2 hobbits a brown mold a red mold a gnome zombie 6 jackals a fox 2 kobolds a goblin 4 grid bugs 2 lichens a kobold zombie 4 newts 33 creatures vanquished. Voluntary challenges: You used a wielded weapon 5 times, starting on turn 43. You read items or engraved 6 times, starting on turn 461. You never genocided any monsters. You never polymorphed an object. You never changed form. You used no wishes. You never split a pudding. You wrote Elbereth's name 6 times, starting on turn 461. You violated your moral code, losing 10 points of alignment, starting on turn 352. Dungeon overview: The Dungeons of Doom: levels 1 to 6 Level 1 a fountain, a sink a long staircase Level 2 some fountains Level 3 a delicatessen a long staircase Level 4 a general store, some fountains Level 5 a general store, an altar to Issek, a fountain Level 6 <- You were here an altar to Mog History has recorded: On T:1 you entered the Dungeons of Doom to retrieve the Amulet of Yendor! On T:391 you advanced to experience level 2. On T:476 you reached level 2 of The Dungeons of Doom. On T:878 you reached level 3 of The Dungeons of Doom. On T:1191 you advanced to experience level 3. On T:1265 you reached level 4 of The Dungeons of Doom. On T:1761 you reached level 5 of The Dungeons of Doom. On T:1840 you advanced to experience level 4. On T:2259 you advanced to experience level 5. On T:2287 you reached level 6 of The Dungeons of Doom. Score breakdown: Gold: 570 ( 9377 points) Experience: 5 levels (11141 points) Exploration: 6 levels ( 12.24%) ( 9682 points) Discoveries: 5 items ( 1.74%) ( 3959 points) Valuables value: (no points given unless you survive) Artifact value: 0 ( 0 points) Variety of kills: 18 monsters ( 4.72%) ( 6520 points) Turncount: 2320 turns ( -220 points) Survival: died (score multiplied by 80%) Total score: 32367 Latest messages: b - 2 +0 orcish daggers (in quiver). Idefix bites! (2x) The orcish dagger hits the acid blob. The little dog bites the mountain nymph. The mountain nymph is killed! Idefix bites! You hear someone counting money. Please move the cursor to an unknown object. Never mind. Idefix bites! The orcish dagger hits Idefix. Idefix bites! You throw 2 orcish daggers. The 1st orcish dagger hits Idefix. The 2nd orcish dagger hits Idefix. The little dog misses Idefix. Idefix bites! The little dog misses Idefix. Idefix bites! You die... The sack is empty. Final status: Goodbye T'shak the Rogue, killed by a little dog called "Idefix"... You died in The Dungeons of Doom on dungeon level 6 with 32367 points, and 570 pieces of gold, after 2320 moves. You were level 5 with a maximum of 29 hit points when you died.